 Dungeon Crawl Stone Soup version 0.32-a0-132-g2d33c3cfaf (webtiles) character file.

Game seed: 1190809271572128842

51 SmokeWeed the Sneak (level 3, -5/21 HPs)
             Began as an Octopode Enchanter on Feb 9, 2024.
             Shot with an arrow by a centaur (13 damage)
             ... on level 4 of the Dungeon.
             The game lasted 00:02:09 (1029 turns).

SmokeWeed the Sneak (Octopode Enchanter)            Turns: 1029, Time: 00:02:11

Health: -5/21      AC:  1    Str:  7    XL:     3   Next: 83%
Magic:  4/6        EV: 13    Int: 17    God:
Gold:   55         SH:  0    Dex: 14    Spells: 4/6 levels left

rFire   . . .        a - +1 dagger
rCold   . . .        (no shield)
rNeg    . . .        (helmet restricted)
rPois   .            (no amulet)
rElec   .            (no ring)
rCorr   .            (no ring)
SInv    .            (no ring)
Will    .....        (no ring)
Stlth   ++++         (no ring)
HPRegen 0.23/turn    (no ring)
MPRegen 0.10/turn    (no ring)
                     (no ring)

%: no passive effects
@: no status effects
A: almost no armour, amphibious, 8 rings, camouflage 1, gelatinous body 1,
(nimble swimmer 1), tentacles
a: no special abilities


You were on level 4 of the Dungeon.
You visited 1 branch of the dungeon, and saw 3 of its levels.

You collected 55 gold pieces.

Inventory:

Hand Weapons
 a - a +1 dagger (weapon)
Scrolls
 c - 4 scrolls of identify {unknown}
 e - a scroll of vulnerability {unknown}
Potions
 b - 2 potions of invisibility
 d - a potion of curing {unknown}


   Skills:
 + Level 0.1 Fighting
 + Level 1.0 Short Blades
 + Level 2.1 Dodging
 + Level 5.4 Stealth
 + Level 2.2 Spellcasting
 + Level 3.4 Hexes


You had 4 spell levels left.
You knew the following spells:

 Your Spells              Type           Power      Damage    Failure   Level
a - Ensorcelled Hibernat  Hex/Ice        14%        N/A       14%         2

Your spell library contained the following spells:

 Spells                   Type           Power      Damage    Failure   Level
 Confusing Touch          Hex            13%        N/A       14%         3
 Tukima's Dance           Hex            13%        N/A       14%         3
 Dazzling Flash           Conj/Hex       14%        N/A       28%         3


Dungeon Overview and Level Annotations

Branches:
Dungeon (4/15)
 Temple: D:4-7

Altars:


Innate Abilities, Weirdness & Mutations

You cannot wear most types of armour.
You are amphibious.
You can wear up to eight rings at the same time.
Your skin changes colour to match your surroundings (Stealth+).
Your rubbery body absorbs attacks. (AC +1, EV +1)
((You are camouflaged when in or above water. (Stealth+)))
You have tentacles for arms and can constrict up to eight enemies at once.


Message History

An adder is nearby!
You hit the adder.
The adder is lightly wounded.
You constrict the adder. The adder bites you but does no damage.
You barely miss the adder.
The adder is moderately wounded.
You constrict the adder. The adder barely misses you.
You hit the adder but do no damage.
The adder is moderately wounded.
You constrict the adder. The adder closely misses you.
You hit the adder.
The adder is severely wounded.
You constrict the adder. The adder closely misses you. x2
You hit the adder.
You kill the adder!
No target in view!
Found a stone staircase leading up.
You see here an adder corpse.
You now have 28 gold pieces (gained 5).
You open the door.
A malevolent force fills the Dungeon...
You fall into a shaft and drop 2 floors!
The shaft crumbles and collapses.
Found 27 gold pieces and a glowing war axe.
Found an escape hatch in the ceiling.
Found a stone staircase leading up.
You now have 47 gold pieces (gained 19).
You now have 55 gold pieces (gained 8).
A centaur comes into view.
You see here a +3 war axe.
The centaur wields a +0 orcbow.
The centaur shoots an arrow.
The arrow hits you!
Ouch! That really hurt!
You are too injured to fight recklessly!
Unknown command.
Aiming: Ensorcelled Hibernation (safe; 14% risk of failure)
Press: ? - help, Q - select action Shift-Dir - straight line, f - centaur
Aim: a centaur, wielding a +0 orcbow (chance to affect: 40%)
The centaur resists with some effort.
The centaur shoots an arrow.
The arrow hits you!
Ouch! That really hurt!
You die...

### #### .c#
##...#.. .. ..
#......# .# ...
#..##..####.##.#
#...#@.........#
##.<)..........
#...........#
###.........###.#.
##..............
####........##.
#..........#
#...........#
###...........


You could see a centaur.

Vanquished Creatures
  An adder (D:2)
  5 bats (D:1)
  6 endoplasms (D:1)
  A giant cockroach (D:1)
  4 goblins
  3 hobgoblins (D:1)
  5 jackals (D:1)
  A quokka (D:1)
  5 ball pythons (D:1)
  2 frilled lizards (D:1)
  3 kobolds (D:1)
  2 rats (D:1)
38 creatures vanquished.

Notes
Turn   | Place    | Note
-------+----------+-------------------------------------------
     0 | D:1      | SmokeWeed the Octopode Enchanter began the quest for the
                  | Orb.
     0 | D:1      | Reached XP level 1. HP: 11/11 MP: 3/3
   109 | D:1      | Reached XP level 2. HP: 17/17 MP: 5/5
   115 | D:1      | Learned a level 2 spell: Ensorcelled Hibernation
   314 | D:1      | Reached XP level 3. HP: 17/21 MP: 3/6
   522 | D:1      | Reached skill level 5 in Stealth
  1016 | D:2      | You fall into a shaft and drop 2 floors!
  1025 | D:4      | Noticed a centaur
  1029 | D:4      | Shot with an arrow by a centaur

Illustrated notes

Levels and vault maps discovered:
D:1:      onia_arrival_pentagram, layout_basic, serial_curves, eino_curves_02,
          eino_curves_03, st_stairs_8
D:2:      layout_loops_corners, minmay_pentomino_q2, uniq_natasha
D:4:      layout_cave_pools, mainiacjoe_overflow_cross_hatched,
          minmay_temple_entry_statues_pillars

Skill      XL: |  1  2  3 |
---------------+----------+-----
Stealth        | 5 |  5.4
Fighting       | |  0.1
Short Blades   | |  1.0
Dodging        | |  2.1
Spellcasting   | |  2.2
Hexes          | |  3.4

Action                     || total
---------------------------++-------
  Melee: Dagger            ||    50
         Tentacles         ||     8
         Constrict         ||     5
   Cast: Ensorcelled Hiber ||     7
   Stab: Sleeping          ||    20
         Distracted        ||     1
 Armour: Skin              ||    13
  Dodge: Dodged            ||    12

Table legend: (Time is in decaauts)
 A = Elapsed time spent in this place.
 B = Non-inter-level travel time spent in this place.
 C = Inter-level travel time spent in this place.
 D = Time resting spent in this place.
 E = Time spent auto-exploring this place.
 F = Levels seen in this place.
 G = Mean time per level.
                   A        B        C        D        E       F      G
               +--------+--------+--------+--------+--------+-----+--------+
         Total |   1026 |   1017 |      9 |      0 |    804 |   3 |  342.0 |
       Dungeon |   1026 |   1017 |      9 |      0 |    804 |   3 |  342.0 |
               +--------+--------+--------+--------+--------+-----+--------+

Top non-repeatable levels by time:
     D:1: 782 daAuts
     D:2: 231 daAuts
     D:4: 12 daAuts
